 Dungeon Crawl Stone Soup version 0.31-a0-854-g362426d53f (webtiles) character file.

Game seed: 9961579919300058916

9 Kurtz the Sneak (level 2, 0/24 (28) HPs)
             Began as a Naga Delver on Oct 8, 2023.
             Shot with an arrow by a centaur (12 damage)
             ... on level 5 of the Dungeon.
             The game lasted 00:00:05 (57 turns).

Kurtz the Sneak (Naga Delver)                         Turns: 57, Time: 00:00:06

HP:   0/24 (28)     AC:  2    Str: 14    XL:     2   Next: 12%
MP:   2/2           EV:  9    Int: 10    God:
Gold: 15            SH:  0    Dex: 12    Spells: 1/1 levels left

rFire   . . .        a - +0 hand axe
rCold   . . .        (no shield)
rNeg    . . .        b - +0 leather armour
rPois   +            (no helmet)
rElec   .            (no cloak)
rCorr   .            (no gloves)
SInv    +            (no barding)
Will    .....        (no amulet)
Stlth   +++          (no ring)
HPRegen 0.24/turn    (no ring)
MPRegen 0.08/turn

%: no passive effects
@: heavily drained, very slow
A: AC +0, large, see invisible, deformed body, poison resistance, slowness 2,
spit poison 1, naga tail 1
a: Spit Poison


You were on level 5 of the Dungeon.
You visited 1 branch of the dungeon, and saw 1 of its levels.

You collected 15 gold pieces.

Inventory:

Hand Weapons
 a - a +0 hand axe (weapon)
Armour
 b - a +0 leather armour (worn)
Wands
 g - a wand of digging (3)
Scrolls
 c - a scroll of fog
 d - a scroll of revelation
 e - a scroll of fear
 i - a scroll of summoning {unknown}
Potions
 f - a potion of haste
 h - a potion of magic {unknown}


   Skills:
 - Level 3.0 Fighting
 * Level 2.8 Axes
 - Level 1.5 Dodging
 - Level 7.2 Stealth


You had one spell level left.
You didn't know any spells.
Your spell library was empty.

Dungeon Overview and Level Annotations

Branches:
Dungeon (5/15)
 Temple: D:4-7

Altars:


Innate Abilities, Weirdness & Mutations

Your serpentine skin is tough. (AC +0)
You have supernaturally acute eyesight. (SInv)
Armour fits poorly on your strangely shaped body.
Your system is resistant to poisons. (rPois)
You cover ground very slowly.
You can spit poison.
You have a snake-like lower body.


Message History

Welcome, Kurtz the Naga Delver.
Below lies the Orb of Zot, rumoured to be powerful enough to resurrect a god...
Press ? for a list of commands and other information.
Found a red potion.
Found a stone staircase leading down.
Unknown command.
An adder comes into view.
The adder hisses angrily.
An adder is nearby!
The adder bites you.
An adder is nearby!
You hit the adder.
The adder is moderately wounded.
The adder barely misses you. The adder closely misses you.
You slash the adder!
The adder is almost dead.
The adder closely misses you.
You hit the adder.
You kill the adder!
You have reached level 2!
HP restored.
h - a red potion No target in view!
Found 3 stones.
Found an escape hatch in the ceiling.
No target in view!
i - a scroll labelled AFASORUGAZ No target in view!
You now have 15 gold pieces.
Key pressed, stopping explore.
No target in view!
No target in view!
A centaur comes into view.
You can't go up here!
Found a stone staircase leading up.
The centaur wields a +1 orcbow of draining.
You sense an unholy aura.
The centaur shoots an arrow.
The arrow hits you.
You feel drained.
The centaur shoots an arrow.
The arrow hits you!
You feel drained.
The centaur shoots an arrow.
The arrow hits you!
Ouch! That really hurt!
You die...

.........
....<..........#....# .#
#c.....#.#....#....##.#
#......#.#....#.......#
.##.....#.#....#.......#
........#.# ...#.......#
........#.# #..........#
.......@#.###.##.......#
.......(...............#
.......................#
................##......
........#.....####....##
........#.....#.........
.....###.....##.........
.
#####.##......##.........
...
....#.##....####.........


You could see a centaur.

Vanquished Creatures
  An adder (D:5)
1 creature vanquished.

Notes
Turn   | Place    | Note
-------+----------+-------------------------------------------
     0 | D:5      | Kurtz the Naga Delver began the quest for the Orb.
     0 | D:5      | Reached XP level 1. HP: 21/21 MP: 1/1
     7 | D:5      | Reached XP level 2. HP: 26/28 MP: 2/2
    55 | D:5      | Noticed a centaur
    57 | D:5      | Shot with an arrow by a centaur

Illustrated notes

Levels and vault maps discovered:
D:5:      layout_basic, st_stairs_10

Action                     || total
---------------------------++-------
  Melee: Hand axe          ||     3
 Armour: Leather armour    ||     4
  Dodge: Dodged            ||     3

Table legend: (Time is in decaauts)
 A = Elapsed time spent in this place.
 B = Non-inter-level travel time spent in this place.
 C = Inter-level travel time spent in this place.
 D = Time resting spent in this place.
 E = Time spent auto-exploring this place.
 F = Levels seen in this place.
 G = Mean time per level.
                   A        B        C        D        E       F      G
               +--------+--------+--------+--------+--------+-----+--------+
         Total |     76 |     55 |     21 |      0 |     41 |   1 |   76.0 |
       Dungeon |     76 |     55 |     21 |      0 |     41 |   1 |   76.0 |
               +--------+--------+--------+--------+--------+-----+--------+

Top non-repeatable levels by time:
     D:5: 76 daAuts
